 Dungeon Crawl Stone Soup version 0.25-a0-1024-gbfbf38f2cb (webtiles) character file.

Game seed: 9009925479529599741, levelgen mode: classic

35 Amnesiac the Twirler (level 3, 0/20 HPs)
             Began as a Deep Elf Gladiator on May 12, 2020.
             Slain by a goblin
             ... wielding a +0 dagger
              (4 damage)
             ... on level 1 of the Dungeon.
             The game lasted 00:01:11 (602 turns).

Amnesiac the Twirler (Deep Elf Gladiator)            Turns: 602, Time: 00:01:12

Health: 0/20       AC:  6    Str: 12    XL:     3   Next: 16%
Magic:  5/5        EV: 12    Int: 12    God:
Gold:   71         SH:  0    Dex: 16    Spells: 2/2 levels left

rFire    . . .     SeeInvis .   a - +0 quarterstaff
rCold    . . .     Gourm    .   (shield currently unavailable)
rNeg     . . .     Faith    .   h - +0 ring mail
rPois    .         Spirit   .   c - +0 helmet
rElec    .         Reflect  .   (no cloak)
rCorr    .         Harm     .   (no gloves)
MR       .....                  (no boots)
Stlth    +.........             (no amulet)
HPRegen  0.06/turn              (no ring)
MPRegen  0.09/turn              (no ring)

@: no status effects
A: no striking features
a: no special abilities


You were on level 1 of the Dungeon.
You were not hungry.

You visited 1 branch of the dungeon, and saw 1 of its levels.

You collected 71 gold pieces.

Inventory:

Hand Weapons
 a - a +0 quarterstaff (weapon)
Armour
 c - a +0 helmet (worn)
 h - a +0 ring mail (worn)
Scrolls
 b - a scroll of blinking {!r, unknown}
 d - 2 scrolls of identify {!r, unknown}
 e - a scroll of teleportation {!r, unknown}
 m - a scroll of remove curse {!r, unknown}
Potions
 i - a potion of heal wounds {!q, unknown}
 j - a potion of mutation {!q, unknown}
 k - a potion of haste {!q, unknown}
 l - a potion of berserk rage {!q, unknown}
Comestibles
 f - 3 rations
 g - 4 chunks of flesh


   Skills:
 - Level 1.5 Fighting
 * Level 3.9 Staves
 - Level 2.0 Throwing
 + Level 1.1 Armour
 - Level 3.6 Dodging


You had 2 spell levels left.
You didn't know any spells.
Your spell library was empty.

Dungeon Overview and Level Annotations

Branches:
Dungeon (1/15)

Altars:


Message History

Unknown command.
You hit the frilled lizard.
You kill the frilled lizard!
The bat misses you. The rat closely misses you.
Your ring mail prevents you from hitting the rat.
The bat closely misses you. The rat closely misses you.
You barely miss the bat. The bat closely misses you.
The rat closely misses you.
You barely miss the rat. The rat closely misses you. The bat misses you.
You hit the bat.
You kill the bat!
The rat closely misses you.
You barely miss the rat. The rat misses you.
You barely miss the rat. The rat bites you but does no damage.
You are too injured to fight recklessly!
You are too injured to fight recklessly!
You are too injured to fight recklessly!
You hit the rat.
You kill the rat!
You see here a leopard gecko corpse.
You butcher the leopard gecko corpse.
g - 9 chunks of flesh (gained 1)
You see here a leopard gecko skeleton.
You now have 71 gold pieces (gained 14).
You see here a leopard gecko skeleton.
Found 7 sling bullets.
You see here 7 sling bullets.
f - 3 rations (gained 1)
You open the door.
There is an open door here.
There is an open door here.
You see here a +0 club.
Some of the chunks of flesh in your inventory have rotted away.
A kobold comes into view. It is wielding a +0 short sword.
A kobold is nearby!
A kobold is nearby!
A kobold is nearby!
The kobold shouts!
You hit the kobold but do no damage. The kobold misses you.
You hit the kobold.
The kobold is moderately wounded.
The kobold barely misses you.
You closely miss the kobold.
The kobold is moderately wounded.
The kobold hits you with a +0 short sword.
* * * LOW HITPOINT WARNING * * *
You hit the kobold.
You kill the kobold!
Things that are here:
a +0 short sword; a kobold corpse
There is an open door here.
You enter the shallow water.
You open the door.
Some of the chunks of flesh in your inventory have rotted away.
There is an open door here.
A goblin comes into view. It is wielding a +0 dagger.
The goblin shouts!
A goblin is nearby!
A goblin is nearby!
A goblin is nearby!
A goblin is nearby!
The goblin barely misses you.
You barely miss the goblin. The goblin hits you with a +0 dagger.
You die...

# # # # # # #
##########################
#.......g@................
###.......)##############.##
#.....####.##############'##
#....................#.#≈≈≈#
#.......÷....#.........'≈≈≈'
#......................#≈≈≈#
######......................##+##
>................................
..........##.....................


You could see a goblin.

Vanquished Creatures
  An ooze (D:1)
  A leopard gecko (D:1)
  A ball python (D:1)
  4 bats (D:1)
  2 giant cockroaches (D:1)
  3 goblins (D:1)
  5 hobgoblins (D:1)
  2 jackals (D:1)
  2 kobolds (D:1)
  A frilled lizard (D:1)
  4 rats (D:1)
26 creatures vanquished.

Notes
Turn   | Place    | Note
-------+----------+-------------------------------------------
     0 | D:1      | Amnesiac the Deep Elf Gladiator began the quest for the
                  | Orb.
     0 | D:1      | Reached XP level 1. HP: 12/12 MP: 3/3
   143 | D:1      | Reached XP level 2. HP: 9/16 MP: 4/4
   418 | D:1      | Reached skill level 1 in Armour
   456 | D:1      | Reached XP level 3. HP: 16/20 MP: 5/5
   602 | D:1      | Slain by a goblin

Illustrated notes

Levels and vault maps discovered:
D:1:      roderic_octagonal_star, layout_rooms, minmay_liquid_box,
          roderic_cross_of_infinity, minmay_tetromino_o4

Skill      XL: |  1  2 |
---------------+-------+-----
Armour         | 1 |  1.1
Fighting       | |  1.5
Staves         | |  3.9
Throwing       | |  2.0
Dodging        | |  3.6

Action                   || total
-------------------------++-------
Melee: Quarterstaff      ||    91
Throw: Throwing net      ||     7
Armor: Leather armour    ||    13
       Ring mail         ||    29
Dodge: Dodged            ||    98

Table legend:
 A = Non-vault XP
 B = Vault XP
 C = Vault XP percentage of total XP
 D = Non-vault monster count
 E = Vault monster count
 F = Vault count percentage of total count
                 A         B        C        D         E       F
            +---------+---------+-------+---------+---------+-------
      Total |      45 |       5 |  10.0 |      23 |       3 |  11.5
            +---------+---------+-------+---------+---------+-------
        D:1 |      45 |       5 |  10.0 |      23 |       3 |  11.5
            +---------+---------+-------+---------+---------+-------
